 Dungeon Crawl Stone Soup version 0.26-a0-812-g31a745ddcd (webtiles) character file.

Game seed: 5506136539451763661

28 selver the Caller (level 3, -3/24 HPs)
             Began as a Merfolk Summoner on Nov 14, 2020.
             Slain by a gnoll
             ... wielding a +0 flail
              (9 damage)
             ... on level 2 of the Dungeon.
             The game lasted 00:05:05 (1951 turns).

selver the Caller (Merfolk Summoner)                Turns: 1951, Time: 00:05:06

Health: -3/24      AC:  2    Str:  7 (9)  XL:     3   Next: 12%
Magic:  5/6        EV: 13    Int: 11 (14) God:
Gold:   97         SH:  0    Dex: 13 (14) Spells: 3/6 levels left

rFire    . . .     SeeInvis .   b - +0 rapier
rCold    . . .     Faith    .   (no shield)
rNeg     . . .     Spirit   .   a - +0 robe
rPois    .         Reflect  .   (no helmet)
rElec    .         Harm     .   (no cloak)
rCorr    .         Rampage  .   (no gloves)
MR       .....                  (no boots)
Stlth    ++........             (no amulet)
HPRegen  0.08/turn              (no ring)
MPRegen  0.10/turn              (no ring)

@: no status effects
A: change form in water, swift swim, stealthy swim
a: no special abilities


You were on level 2 of the Dungeon.
You visited 1 branch of the dungeon, and saw 2 of its levels.

You collected 97 gold pieces.

Inventory:

Hand Weapons
 b - a +0 rapier (weapon)
Armour
 a - a +0 robe (worn)
 e - a +0 ring mail
 l - a cursed -1 ring mail
Scrolls
 c - 2 scrolls of amnesia {unknown}
 d - a scroll of noise {unknown}
 g - 2 scrolls of remove curse {unknown}
 h - a scroll of identify {unknown}
 j - a scroll of blinking {unknown}
 k - a scroll of teleportation {unknown}
 n - a scroll of enchant weapon {unknown}
Potions
 f - a potion of curing
 i - a potion of lignification
 m - a potion of might


   Skills:
 - Level 2.6 Dodging
 - Level 2.1 Stealth
 + Level 2.4 Spellcasting
 * Level 4.6 Summonings


You had 3 spell levels left.
You knew the following spells:

 Your Spells              Type           Power        Failure   Level
a - Summon Small Mammal   Summ           ##..         4%          1
b - Call Imp              Summ           ##......     6%          2

Your spell library contained the following spells:

 Spells                   Type           Power        Failure   Level
 Call Canine Familiar     Summ           ##......     12%         3
 Summon Guardian Golem    Hex/Summ       #.......     32%         3
 Summon Ice Beast         Ice/Summ       #.......     71%         4
 Summon Lightning Spire   Summ/Air       #.......     71%         4


Dungeon Overview and Level Annotations

Branches:
Dungeon (2/15)

Altars:
Zin


Message History

The gnoll hits your iron imp with a +0 flail!
Your iron imp hits the gnoll!
The gnoll hits your iron imp with a +0 flail.
Your iron imp barely misses the gnoll.
The gnoll hits your iron imp with a +0 flail.
Your iron imp dies!
You barely miss the gnoll.
The gnoll is severely wounded.
The gnoll drinks a potion.
The gnoll seems to grow stronger.
You closely miss the gnoll.
The gnoll is severely wounded.
The gnoll barely misses you.
You barely miss the gnoll.
The gnoll is severely wounded.
The gnoll hits you with a +0 flail.
The gnoll hits you with a cursed -1 club!
Ouch! That really hurt!
* * * LOW HITPOINT WARNING * * *
The gnoll hits you with a +0 flail!
You die...

#........#<# ##.
........#.# #.
####......#g# #. #
.......$..#.## #.
#.##..........gg# #≈
#.#....S........#####≈
.........<...).##...≈
#.###(........##...≈
#..@gg........#....≈
##.#####......#...≈≈
#.# ##########...≈.
#.# #.......##...≈.
#.###.#####.##.####
#.........#.##.#
#####.#...#.##.#
#.#)###.##.#
#.#....)##.#


You could see 2 gnolls.

Vanquished Creatures
  A worm (D:2)
  A frilled lizard (D:1)
  3 goblins
  A rat (D:1)
6 creatures vanquished.

Vanquished Creatures (collateral kills)
  A gnoll (D:2)
  A dart slug (D:2)
  A bat (D:2)
  2 giant cockroaches
  3 goblins
  3 hobgoblins (D:1)
  2 jackals (D:1)
  A ball python (D:1)
  A frilled lizard (D:1)
  3 rats (D:1)
18 creatures vanquished.

Grand Total: 24 creatures vanquished

Notes
Turn   | Place    | Note
-------+----------+-------------------------------------------
     0 | D:1      | selver the Merfolk Summoner began the quest for the Orb.
     0 | D:1      | Reached XP level 1. HP: 13/13 MP: 3/3
   385 | D:1      | Reached XP level 2. HP: 15/19 MP: 1/5
   552 | D:1      | Learned a level 2 spell: Call Imp
  1700 | D:2      | Found a glowing silver altar of Zin.
  1848 | D:2      | Reached XP level 3. HP: 21/24 MP: 1/6
  1951 | D:2      | Slain by a gnoll

Illustrated notes

Levels and vault maps discovered:
D:1:      dpeg_arrival_orchard, layout_rooms
D:2:      layout_basic, zin_statuary, serial_rivers,
          chequers_serial_rivers_large_a, chequers_serial_rivers_marsh,
          chequers_serial_rivers_small_a, chequers_serial_rivers_small_a,
          chequers_serial_rivers_small_a, chequers_serial_rivers_micro_d,
          minmay_parallelograms

Action                   || total
-------------------------++-------
Melee: Unarmed           ||    22
       Rapier            ||    18
       Tailslap          ||     1
 Cast: Summon Small Mamm ||    26
       Call Imp          ||     7
  Use: Potion            ||     3
 Stab: Distracted        ||     2
Armor: Robe              ||     4
       Skin              ||     2
Dodge: Dodged            ||    38

Table legend: (Time is in decaauts)
 A = Elapsed time spent in this place.
 B = Non-inter-level travel time spent in this place.
 C = Inter-level travel time spent in this place.
 D = Time resting spent in this place.
 E = Time spent auto-exploring this place.
 F = Levels seen in this place.
 G = Mean time per level.
                   A        B        C        D        E       F      G
               +--------+--------+--------+--------+--------+-----+--------+
         Total |   1950 |   1903 |     47 |    844 |    777 |   2 |  975.0 |
       Dungeon |   1950 |   1903 |     47 |    844 |    777 |   2 |  975.0 |
               +--------+--------+--------+--------+--------+-----+--------+

Top non-repeatable levels by time:
     D:2: 999 daAuts
     D:1: 951 daAuts
